 Dungeon Crawl Stone Soup version 0.30-a0-122-g2a1322497e (webtiles) character file.

Game seed: 7456697045662269658

12992 zishaf the Jinx (level 11, -15/86 HPs)
             Began as a Vampire Enchanter on Sept 15, 2022.
             Was an Elder of Wu Jian.
             Demolished by Urug
             ... wielding a +2 eveningstar of flaming
              (24 damage)
             ... on level 1 of the Lair of Beasts.
             The game lasted 00:25:18 (11722 turns).

zishaf the Jinx (Vampire Enchanter)                Turns: 11722, Time: 00:25:19

Health: -15/86     AC: 10    Str: 11    XL:     11   Next: 69%
Magic:  13/20      EV: 12    Int: 31    God:    Wu Jian [****..]
Gold:   591        SH:  0    Dex: 17    Spells: 7/22 levels left

rFire   + . .      SeeInvis +    H - +6 quick blade (venom)
rCold   + . .      Faith    +    (no shield)
rNeg    . . .      Spirit   .    D - +0 acid dragon scales
rPois   .          Reflect  .    g - +0 helmet
rElec   +          Harm     .    (no cloak)
rCorr   +          Rampage  .    B - +0 pair of gloves
Will    +....                    K - +1 pair of boots "Liemyute" {rElec rCorr Int+3}
Stlth   ++++......               x - amulet of faith
HPRegen 0.44/turn                i - ring "Ceetygri" {Fly rF+}
MPRegen 0.17/turn                d - ring "Cuesh" {+Blink Int+6 Dex+4}

@: brilliant, lethally poisoned (-15 -> -20), flying, healing quickly
A: alive, fangs 3, see invisible, vampiric 2, cold resistance 1, strong 1
a: Exsanguinate, Renounce Religion, Evoke Blink, Wall Jump, Serpent's Lash


You were on level 1 of the Lair of Beasts.
You worshipped Wu Jian.
Wu Jian was greatly pleased with you.
You visited 3 branches of the dungeon, and saw 13 of its levels.
You also visited: Sewer and Bailey.

You collected 727 gold pieces.
You spent 136 gold pieces at shops.

Inventory:

Hand Weapons
 a - a +2 dagger of electrocution
 H - a +6 quick blade of venom (weapon)
Missiles
 q - 3 throwing nets (quivered)
Armour
 g - a +0 helmet (worn)
 z - +0 steam dragon scales
 B - a +0 pair of gloves (worn)
 D - +0 acid dragon scales (worn)
 J - +2 fire dragon scales
 K - the +1 pair of boots "Liemyute" (worn) {rElec rCorr Int+3}
   (You found it on level 9 of the Dungeon)

   Int:       It affects your intelligence (+3).
   rElec:     It insulates you from electricity.
   rCorr:     It protects you from acid and corrosion.
Jewellery
 d - the ring "Cuesh" (right hand) {+Blink Int+6 Dex+4}
   (You acquired it on level 5 of the Dungeon)

   [ring of intelligence]

   Int:       It affects your intelligence (+6).
   Dex:       It affects your dexterity (+4).
   +Blink:    It lets you blink.
 i - the ring "Ceetygri" (left hand) {Fly rF+}
   (You found it on level 5 of the Dungeon)

   [ring of flight]

   rF:        It protects you from fire.
   Fly:       It grants you flight.
 x - an amulet of faith (around neck)
Wands
 b - a wand of roots (14)
 f - a wand of mindburst (2)
 h - a wand of light (8)
 A - a wand of flame (33)
 L - a wand of charming (8)
Scrolls
 p - 2 scrolls of teleportation
 r - a scroll of brand weapon
 w - 3 scrolls of butterflies
 y - 3 scrolls of poison
 E - a scroll of magic mapping
 I - 2 scrolls of fear
Potions
 c - 4 potions of invisibility
 e - 4 potions of attraction
 j - 6 potions of mutation
 k - a potion of resistance {unknown}
 l - 3 potions of curing
 m - 3 potions of lignification
 n - 2 potions of might {unknown}
 o - 3 potions of flight
 t - 5 potions of brilliance
 u - 5 potions of haste {unknown}
 v - 2 potions of heal wounds {unknown}
 C - a potion of ambrosia {unknown}
 F - a potion of cancellation
 N - a potion of berserk rage


   Skills:
 + Level 8.2 Fighting
 - Level 6.0(6.1) Short Blades
 + Level 1.7(3.8) Long Blades
 + Level 3.1 Dodging
 + Level 9.6 Stealth
 - Level 6.0 Spellcasting
 + Level 13.2 Hexes
 + Level 9.8 Ice Magic


You had 7 spell levels left.
You knew the following spells:

 Your Spells              Type           Power      Damage    Failure   Level
a - Ensorcelled Hibernat  Hex/Ice        100%       N/A       1%          2
b - Tukima's Dance        Hex            95%        N/A       1%          3
A - Confusing Touch       Hex            95%        N/A       1%          3
B - Frozen Ramparts       Ice            100%       1d16      1%          3
C - Cause Fear            Hex            47%        N/A       1%          4

Your spell library contained the following spells:

 Spells                   Type           Power      Damage    Failure   Level
 Dazzling Flash           Conj/Hex       100%       N/A       1%          3
 Inner Flame              Hex/Fire       66%        N/A       1%          3
 Summon Guardian Golem    Hex/Summ       66%        N/A       1%          3
 Summon Small Mammal      Summ           52%        N/A       8%          1
 Ice Form                 Ice/Tmut       56%        N/A       10%         4
 Summon Ice Beast         Ice/Summ       56%        N/A       10%         4
 Cigotuvi's Dreadful Rot  Necr/Pois/Air  26%        N/A       12%         2
 Poisonous Vapours        Pois/Air       26%        N/A       12%         2
 Scorch                   Fire           26%        2d6       12%         2
 Call Canine Familiar     Summ           13%        N/A       22%         3
 Gell's Gravitas          Tloc           13%        N/A       22%         3
 Lesser Beckoning         Tloc           13%        N/A       22%         3
 Teleport Other           Tloc           13%        N/A       22%         3
 Flame Wave               Conj/Fire      13%        2d6       58%         4
 Summon Cactus Giant      Summ           6%         N/A       100%        6
 Discord                  Hex            47%        N/A       92%         8


Dungeon Overview and Level Annotations

Branches:
Dungeon (11/15)            Temple (1/1) D:7            Lair (1/5) D:9
    Orc (0/2) D:9           Sewer (visited)          Bailey (visited)

Altars:
Ashenzari
Cheibriados
Dithmenos
Fedhas
Gozag
Hepliaklqana
Kikubaaqudgha
Makhleb
Nemelex Xobeh
Okawaru
Qazlal
Ru
Sif Muna
Trog
Uskayaw
Vehumet
Wu Jian
Xom
Yredelemnul

Shops:
D:6 *   D:8 (   D:10 =

Annotations:
D:8 4 runed translucent doors, Pilot's ghost, novice TrGl
Lair:1 Urug


Innate Abilities, Weirdness & Mutations

Your natural rate of healing is accelerated.
You have razor-sharp teeth.
You have supernaturally acute eyesight. (SInv)
You are afflicted with vampirism and can become a bat while bloodless.
Your flesh is cold resistant. (rC+)
Your muscles are strong. (Str +4, Int/Dex -1)


Message History

The cane toad stings you!!
Casting: Ensorcelled Hibernation (safe; 1% risk of failure)
Confirm with . or Enter, or press ? or * to list all spells.
Aiming: Ensorcelled Hibernation (safe; 1% risk of failure)
Press: ? - help, Shift-Dir - straight line, f/p - cane toad
Aim: a cane toad (moderately wounded, very poisoned, chance to affect: 71%)
The cane toad struggles to resist.
You feel very sick. The cane toad closely misses you.
Urug throws a javelin.
The javelin pierces through you.
Casting: Ensorcelled Hibernation (safe; 1% risk of failure)
Confirm with . or Enter, or press ? or * to list all spells.
Aiming: Ensorcelled Hibernation (safe; 1% risk of failure)
Press: ? - help, Shift-Dir - straight line, f/p - cane toad
Aim: a cane toad (moderately wounded, very poisoned, chance to affect: 71%)
The cane toad looks drowsy...
You feel very sick.
The helpless cane toad fails to defend itself.
You stick the cane toad like a pincushion!!!
You kill the cane toad!
The Council accepts your kill.
You feel sick.
Casting: Ensorcelled Hibernation (safe; 1% risk of failure)
Confirm with . or Enter, or press ? or * to list all spells.
Aiming: Ensorcelled Hibernation (safe; 1% risk of failure)
Press: ? - help, Shift-Dir - straight line, f - Urug
Aim: Urug, wielding a +2 eveningstar of flaming, wearing a +0 ring mail and quivering javelins (chance to affect: 54%) Urug looks drowsy...
You feel very sick.
The helpless Urug fails to defend herself.
You stick Urug like a pincushion!!! You bite Urug.
Urug is severely wounded.
You feel sick.
Urug hits you with a +2 eveningstar of flaming!!
* * * LOW HITPOINT WARNING * * *
It was a potion of brilliance.
You feel clever all of a sudden.
You feel sick.
Urug hits you with a +2 eveningstar of flaming!!
You die...

#......#..#
.#......#..#
........#..#
.#..P#..#$.#
...........##
............#
......o†...##
.......@....#
...........##
...........#
..#.##+###.#
. # #.## #..#
#.## ##.#
#..#


You could see Urug.

Vanquished Creatures
  A hydra (D:8)
  A two-headed ogre (Bailey)
  Pikel (D:6)
  An unseen horror (D:8)
  2 cane toads (Lair:1)
  Maggie (D:6)
  2 kobold demonologists (D:9)
  2 efreet
  2 trolls (D:8)
  A hornet (D:9)
  3 spriggans (Bailey)
  A wraith (D:10)
  A basilisk (Lair:1)
  Eustachio (D:6)
  11 yaks
  2 wyverns
  A steam dragon (D:9)
  2 acid dragons
  Duvessa (D:7)
  A water moccasin (D:6)
  Pargi (Sewer)
  5 black bears
  3 orc warriors
  A sky beast (D:6)
  2 ice beasts
  4 ogres (Bailey)
  2 centaurs (D:8)
  2 phantoms (D:5)
  8 kobold brigands
  Blork the orc (D:4)
  5 bullfrogs
  2 gnoll sergeants
  3 scorpions (D:5)
  2 wights (D:9)
  Dowan (D:7)
  11 killer bees
  3 howler monkeys
  A crimson imp (D:9)
  2 jellies (D:5)
  8 orc priests
  3 gnoll boudas (D:8)
  5 hounds
  7 iguanas
  14 orc wizards
  5 gnolls (D:5)
  7 adders
  A river rat (D:6)
  A shadow imp (D:8)
  A worm (D:3)
  5 dart slugs
  53 orcs
  9 ball pythons
  8 bats
  5 endoplasms
  4 giant cockroaches
  13 goblins
  8 hobgoblins
  8 jackals
  3 quokkas
  4 frilled lizards
  21 kobolds
  5 rats
295 creatures vanquished.

Vanquished Creatures (collateral kills)
  2 wights (D:9)
2 creatures vanquished.

Vanquished Creatures (others)
  A wizard (D:3)
1 creature vanquished.

Grand Total: 298 creatures vanquished

Notes
Turn   | Place    | Note
-------+----------+-------------------------------------------
     0 | D:1      | zishaf the Vampire Enchanter began the quest for the Orb.
     0 | D:1      | Reached XP level 1. HP: 13/13 MP: 3/3
   251 | D:1      | Reached XP level 2. HP: 19/20 MP: 5/5
   254 | D:1      | Learned a level 2 spell: Ensorcelled Hibernation
   946 | D:2      | Reached skill level 1 in Fighting
   946 | D:2      | Gained mutation: You are afflicted with vampirism and can
                  | become a bat while bloodless. [Vampire growth]
   946 | D:2      | Reached XP level 3. HP: 26/26 MP: 6/6
   971 | D:2      | Learned a level 3 spell: Confusing Touch
  1103 | D:2      | Reached skill level 5 in Stealth
  1202 | D:2      | Reached skill level 5 in Hexes
  1335 | D:2      | Reached skill level 1 in Ice Magic
  1408 | D:2      | Reached XP level 4. HP: 32/32 MP: 7/7
  1577 | D:3      | Found a snail-covered altar of Cheibriados.
  1791 | D:3      | Found a bloodstained altar of Trog.
  1826 | D:3      | Noticed a wizard
  1831 | D:3      | Killed a wizard
  2256 | D:3      | Found a faded altar of an unknown god.
  2606 | D:4      | Noticed a black bear
  2608 | D:4      | Killed a black bear
  2609 | D:4      | Reached XP level 5. HP: 38/38 MP: 7/9
  2786 | D:4      | Reached XP level 6. HP: 44/44 MP: 10/10
  3165 | D:4      | Learned a level 3 spell: Frozen Ramparts
  3235 | D:4      | Noticed Blork the orc
  3243 | D:4      | Killed Blork the orc
  3244 | D:4      | Reached skill level 6 in Hexes
  3478 | D:5      | Entered Level 5 of the Dungeon
  3486 | D:5      | Identified a scroll of acquirement
  3486 | D:5      | Acquired the ring "Cuesh" {+Blink Int+6 Dex+4}
  3515 | D:5      | Reached XP level 7. HP: 51/51 MP: 11/11
  3807 | D:5      | Reached skill level 7 in Hexes
  4115 | D:5      | Gained mutation: Your muscles are strong. (Str +4, Int/Dex
                  | -1) [potion of mutation]
  4115 | D:5      | Gained mutation: Your flesh is cold resistant. (rC+)
                  | [potion of mutation]
  4149 | D:5      | Reached XP level 8. HP: 58/58 MP: 9/12
  4154 | D:5      | Reached skill level 5 in Ice Magic
  4430 | D:5      | Identified the ring "Ceetygri" {Fly rF+}
  4637 | D:6      | Found a glowing drain.
  4667 | Sewer    | Entered a sewer
  4689 | Sewer    | Noticed Pargi
  4691 | Sewer    | Killed Pargi
  4692 | Sewer    | Reached skill level 8 in Hexes
  4822 | D:6      | Found Tofoemepn's General Store.
  4850 | D:6      | Bought a potion of curing for 39 gold pieces
  4968 | D:6      | Noticed Pikel
  4982 | D:6      | Killed Pikel
  4983 | D:6      | Reached skill level 5 in Fighting
  4983 | D:6      | Reached skill level 9 in Hexes
  4983 | D:6      | Reached XP level 9. HP: 48/68 MP: 4/14
  5056 | D:6      | Learned a level 4 spell: Cause Fear
  5306 | D:6      | Noticed Maggie
  5319 | D:6      | Killed Maggie
  5389 | D:6      | Noticed Eustachio
  5537 | D:6      | Killed Eustachio
  5615 | D:6      | Reached skill level 10 in Hexes
  6049 | D:7      | Found a staircase to the Ecumenical Temple.
  6056 | Temple   | Entered the Ecumenical Temple
  6562 | D:7      | Noticed Dowan
  6563 | D:7      | Noticed Duvessa
  6571 | D:7      | Killed Duvessa
  6578 | D:7      | Killed Dowan
  6839 | D:8      | Found a flagged portal.
  6901 | Bailey   | Entered a bailey
  7196 | Bailey   | Reached XP level 10. HP: 64/76 MP: 7/16
  7283 | Bailey   | Noticed a two-headed ogre
  7311 | Bailey   | Killed a two-headed ogre
  7312 | Bailey   | Reached skill level 5 in Short Blades
  7475 | Bailey   | Identified the +9 quarterstaff of the Penguin {flame, rElec
                  | rCorr Int+4 Stlth+}
  7547 | Bailey   | Acquired a +3 quick blade of venom
  7590 | D:6      | Bought a scroll of enchant weapon for 97 gold pieces
  7824 | D:8      | Found an ornate altar of the Wu Jian Council.
  7838 | D:8      | Reached skill level 11 in Hexes
  7852 | D:8      | Became a worshipper of the Wu Jian Council
  8194 | D:8      | Found an ancient bone altar of Kikubaaqudgha.
  8276 | D:8      | Found a runed translucent gate.
  8276 | D:8      | Found a runed translucent gate.
  8276 | D:8      | Found a runed translucent gate.
  8276 | D:8      | Found an opulent altar of Gozag.
  8278 | D:8      | Noticed Pilot's ghost (novice TrGl)
  8371 | D:8      | Found a runed translucent door.
  8372 | D:8      | Found a runed translucent door.
  8682 | D:8      | Learned a level 3 spell: Tukima's Dance
  8756 | D:8      | Reached * piety under Wu Jian
  8885 | D:8      | Noticed a centaur warrior
  8885 | D:8      | Noticed a gargoyle
  8889 | D:8      | Found a runed translucent door.
  8901 | D:8      | Noticed a four-headed hydra
  8906 | D:8      | Noticed a centaur warrior
  8927 | D:8      | Reached skill level 12 in Hexes
  8938 | D:8      | Killed a four-headed hydra
  8939 | D:8      | Reached XP level 11. HP: 56/84 MP: 14/18
  9325 | D:8      | Reached skill level 5 in Spellcasting
  9390 | D:8      | Found Boarphill's Weapon Emporium.
  9660 | D:9      | Reached ** piety under Wu Jian
  9795 | D:9      | Found a staircase to the Lair.
  9861 | D:9      | Found a staircase to the Orcish Mines.
  9944 | D:9      | Reached *** piety under Wu Jian
 10039 | D:9      | Noticed a soul eater
 10330 | D:9      | Found a basalt altar of Yredelemnul.
 10380 | D:9      | Found an iron altar of Okawaru.
 10503 | D:9      | Identified the +1 pair of boots "Liemyute" {rElec rCorr
                  | Int+3}
 10589 | D:9      | Found a radiant altar of Vehumet.
 10590 | D:9      | Found a burning altar of Makhleb.
 10656 | D:10     | Entered Level 10 of the Dungeon
 10828 | D:10     | Found Diffil's Jewellery Emporium.
 10918 | D:10     | Reached **** piety under Wu Jian
 11094 | D:10     | Reached skill level 13 in Hexes
 11102 | D:10     | Reached skill level 1 in Long Blades
 11657 | Lair:1   | Entered Level 1 of the Lair of Beasts
 11713 | Lair:1   | Noticed Urug
 11722 | Lair:1   | Demolished by Urug

Illustrated notes

Levels and vault maps discovered:
D:1:      spicycebolla_green_bress_n_ham_2, layout_loops_ring
D:2:      layout_basic, minmay_bisected
D:3:      layout_basic, trog_wizard, mainiacjoe_overflow_boulevard,
          dilly_ecumenical_altar_fadedgnrine, minivault_24,
          minmay_shallow_snake_nest
D:4:      layout_basic, nicolae_kite_square_tiling_tiny, uniq_blork_the_orc
D:5:      layout_loops_ring, kennysheep_opposing_triangles
D:6:      layout_loops_ring, serial_shops, shop_coins, gup_sewer_entry_bowl,
          uniq_pikel, uniq_maggie, uniq_eustachio
D:7:      layout_basic, minmay_temple_entry_arrows, dreamdust_princess_bridge,
          uniq_duvessa
D:8:      minmay_the_grid_triangle_9x9_rhombus_full
          [minmay_the_grid_triangle_9x9_checkered,
          minmay_the_grid_triangle_9x9_thin_v,
          minmay_the_grid_triangle_9x9_tough_junction,
          minmay_the_grid_triangle_9x9_pentomino_pain,
          minmay_the_grid_triangle_9x9_semitri,
          minmay_the_grid_triangle_9x9_subtriangle,
          minmay_the_grid_triangle_9x9_from_above,
          minmay_the_grid_triangle_9x9_prize_insulated], layout_layer_cave,
          mainiacjoe_overflow_small_starburst, mainiacjoe_overflow_catwalk,
          enter_bailey_5, ebering_ghost_gozag, serial_shops, shop
D:9:      layout_rooms, grunt_temple_overflow_lords_of_destruction,
          kennysheep_okawaru_gauntlet, kennysheep_mini_moat, lair_entry_dummy,
          hiddenorc2_lemuel
D:10:     layout_small_grid, serial_shops, nicolae_shop_window_shopping,
          statue_in_the_mist_lemuel, grunt_decor_arrowhead
D:11:     layout_small_grid, roderic_batcave, makhleb_altar_promises_db,
          uniq_maurice
Temple:   eino_narrow_crystal_temple
Lair:1:   layout_regular_city, st_stairs_4, serial_bayou_shore_b,
          grunt_megastairs_4, uniq_urug

Skill      XL: |  1  2  3  4  5  6  7  8  9 10 11 |
---------------+----------------------------------+-----
Fighting       | 1 2 3 5 6 7 8 |  8.2
Stealth        | 5 6 7 9 |  9.6
Short Blades   | 2 3 4 6 |  6.0
Hexes          | 5 6 7 9 10 12 13 | 13.2
Ice Magic      | 1 2 3 4 7 8 9 |  9.8
Spellcasting   | 3 4 6 |  6.0
Long Blades    | 1 |  1.7
Dodging        | 3 |  3.1

Action                   |  1- 3 |  4- 6 |  7- 9 | 10-12 || total
-------------------------+-------+-------+-------+-------++-------
Melee: Dagger            |    97 |   115 |   129 |     4 ||   345
       Bite              |     7 |     9 |    13 |    56 ||    85
       Punch             |       |     1 |     1 |     8 ||    10
       Quick blade       |       |       |       |   438 ||   438
 Cast: Ensorcelled Hiber |     4 |    26 |    70 |    21 ||   121
       Confusing Touch   |       |       |     6 |     4 ||    10
       Cause Fear        |       |       |     2 |     2 ||     4
       Frozen Ramparts   |       |       |       |    11 ||    11
       Tukima's Dance    |       |       |       |     6 ||     6
Invok: Lunge             |       |       |       |    18 ||    18
       Whirlwind         |       |       |       |     4 ||     4
  Use: Scroll            |       |    11 |     3 |    10 ||    24
       Potion            |       |       |     1 |     1 ||     2
 Stab: Sleeping          |    15 |    29 |    57 |    26 ||   127
       Confused          |       |       |     4 |     3 ||     7
       Distracted        |       |       |       |     1 ||     1
Armor: Robe              |    23 |    26 |     9 |       ||    58
       Steam dragon scal |       |       |    13 |     1 ||    14
       Acid dragon scale |       |       |       |    94 ||    94
Dodge: Dodged            |    47 |    63 |    58 |   115 ||   283

Table legend: (Time is in decaauts)
 A = Elapsed time spent in this place.
 B = Non-inter-level travel time spent in this place.
 C = Inter-level travel time spent in this place.
 D = Time resting spent in this place.
 E = Time spent auto-exploring this place.
 F = Levels seen in this place.
 G = Mean time per level.
                   A        B        C        D        E       F      G
               +--------+--------+--------+--------+--------+-----+--------+
         Total |  11444 |  11001 |    443 |   1207 |   7485 |  15 |  762.9 |
       Dungeon |  10428 |   9999 |    429 |    889 |   7136 |  11 |  948.0 |
        Temple |    204 |    191 |     13 |      0 |    185 |   1 |  204.0 |
          Lair |     61 |     61 |      0 |      0 |     40 |   1 |   61.0 |
         Sewer |    103 |    103 |      0 |      0 |     66 |   1 |  103.0 |
        Bailey |    645 |    645 |      0 |    318 |     58 |   1 |  645.0 |
               +--------+--------+--------+--------+--------+-----+--------+

Top non-repeatable levels by time:
     D:8: 2031 daAuts
     D:5: 1215 daAuts
     D:3: 1204 daAuts
     D:6: 1102 daAuts
    D:10: 908 daAuts
     D:9: 899 daAuts
     D:4: 817 daAuts
     D:1: 808 daAuts
     D:7: 793 daAuts
  Bailey: 645 daAuts
     D:2: 626 daAuts
  Temple: 204 daAuts
   Sewer: 103 daAuts
  Lair:1: 61 daAuts
    D:11: 22 daAuts
